 Dungeon Crawl Stone Soup version 0.28-a0-1033-g1a2f33fa85 (webtiles) character file.

Game seed: 9048769587652281632

258176 tnor the Nimble (level 20, -1/147 (159) HPs)
             Began as a Human Artificer on Dec 7, 2021.
             Was a High Priest of Yredelemnul.
             Killed from afar by a thorn hunter (30 damage)
             ... with a volley of thorns
             ... on level 3 of the Abyss.
             The game lasted 02:42:49 (52858 turns).

tnor the Nimble (Human Artificer)                  Turns: 52858, Time: 02:42:52

HP:   -1/147 (159)  AC: 29    Str: 19 (21) XL:     20   Next: 12%
MP:   5/29          EV: 14    Int: 14      God:    Yredelemnul [*****.]
Gold: 3213          SH: 12    Dex: 17      Spells: 19/19 levels left

rFire   + + .      SeeInvis .   c - +6 short sword (distort)
rCold   + . .      Faith    .   d - +0 buckler {rC+ rF+}
rNeg    . . .      Spirit   .   m - +4 chain mail "Vanweown" {+Inv Str+5 Stlth+}
rPois   +          Reflect  +   W - +2 helmet
rElec   .          Harm     .   l - +2 cloak
rCorr   .          Rampage  .   g - +0 pair of gloves
Will    +....                   s - +2 pair of boots
Stlth   ..........              u - amulet of reflection
HPRegen 0.34/turn               F - ring of poison resistance
MPRegen 0.21/turn               b - ring of protection from fire

@: mighty, about to teleport, drained
A: deterioration 1, subdued magic 1
}: 3/15 runes: decaying, serpentine, abyssal
a: Renounce Religion, Evoke Invisibility, Recall Undead Slaves, Injury Mirror,
Animate Dead, Drain Life, Enslave Soul


You were on level 3 of the Abyss.
You worshipped Yredelemnul.
Yredelemnul was extremely pleased with you.
You visited 8 branches of the dungeon, and saw 34 of its levels.
You visited the Abyss 1 time.
You also visited: Bailey and Ice Cave.

You collected 4522 gold pieces.
You spent 1309 gold pieces at shops.

Inventory:

Hand Weapons
 c - a +6 short sword of distortion (weapon)
Missiles
 j - 45 poisoned darts
 Q - 16 boomerangs (quivered)
 T - a throwing net
Armour
 d - a +0 buckler of resistance (worn)
 g - a +0 pair of gloves (worn)
 l - a +2 cloak (worn)
 m - the +4 chain mail "Vanweown" (worn) {+Inv Str+5 Stlth+}
   (You found it on level 7 of the Dungeon)

   Str:       It affects your strength (+5).
   +Inv:      It lets you turn invisible.
   Stlth:     It makes you more stealthy.
 r - a +2 kite shield of protection
 s - a +2 pair of boots (worn)
 w - quicksilver dragon scales
 W - a +2 helmet (worn)
Jewellery
 a - a ring of see invisible
 b - a ring of protection from fire (right hand)
 u - an amulet of reflection (around neck)
 z - a ring of resist corrosion
 F - a ring of poison resistance (left hand)
Wands
 h - a wand of iceblast (5)
 y - a wand of charming (4)
 D - a wand of digging (7)
 G - a wand of flame (36)
 R - a wand of mindburst (24)
 Z - a wand of acid (3)
Scrolls
 n - a scroll of fog
 p - 2 scrolls of vulnerability
 A - 3 scrolls of torment
 B - 2 scrolls of noise
 C - a scroll of brand weapon
 K - 5 scrolls of immolation
 L - 4 scrolls of identify
 N - 5 scrolls of teleportation
 O - a scroll of magic mapping
 U - a scroll of fear
 X - 3 scrolls of amnesia
Potions
 k - 2 potions of mutation
 o - 5 potions of attraction
 q - 2 potions of flight
 v - 2 potions of resistance
 x - a potion of might
 E - 7 potions of lignification
 J - a potion of invisibility
 V - 5 potions of brilliance
Miscellaneous
 e - a phantom mirror
 H - a lightning rod (4/4)
 I - a condenser vane (inert)
 S - a tin of tremorstones (inert)


   Skills:
 - Level 14.0 Fighting
 - Level 12.0 Short Blades
 - Level 13.0 Throwing
 - Level 13.0 Armour
 - Level 14.0 Dodging
 - Level 3.0 Stealth
 + Level 9.9 Shields
 - Level 12.0 Invocations
 - Level 14.0 Evocations


You had 19 spell levels left.
You didn't know any spells.
Your spell library contained the following spells:

 Spells                   Type           Power      Damage    Failure   Level
 Animate Skeleton         Necr           0%         N/A       86%         1
 Foxfire                  Conj/Fire      0%         2x1d4     86%         1
 Freeze                   Ice            0%         1d3       86%         1
 Pain                     Necr           0%         1d4       86%         1
 Sandblast                Erth           0%         2d4       86%         1
 Blink                    Tloc           0%         N/A       95%         2
 Corpse Rot               Necr/Air       0%         N/A       95%         2
 Ensorcelled Hibernation  Hex/Ice        0%         N/A       95%         2
 Passwall                 Tmut/Erth      0%         N/A       95%         2
 Poisonous Vapours        Pois/Air       0%         N/A       95%         2
 Sublimation of Blood     Necr           0%         N/A       95%         2
 Conjure Flame            Conj/Fire      0%         6-21      99%         3
 Dazzling Flash           Conj/Hex       0%         N/A       99%         3
 Frozen Ramparts          Ice            0%         1d2       99%         3
 Ignite Poison            Fire/Tmut/Pois 0%         N/A       99%         3
 Inner Flame              Hex/Fire       0%         N/A       99%         3
 Lesser Beckoning         Tloc           0%         N/A       99%         3
 Stone Arrow              Conj/Erth      0%         3d7       99%         3
 Swiftness                Air            0%         N/A       99%         3
 Tukima's Dance           Hex            0%         N/A       99%         3
 Vampiric Draining        Necr           0%         2d6       99%         3
 Animate Armour           Summ/Erth      0%         N/A       100%        4
 Flame Wave               Conj/Fire      0%         2d4       100%        4
 Fulminant Prism          Conj/Hex       0%         3d6       100%        4
 Hailstorm                Conj/Ice       0%         3d3       100%        4
 Ice Form                 Ice/Tmut       0%         N/A       100%        4
 Iskenderun's Mystic Bla  Conj/Tloc      0%         2d3       100%        4
 Petrify                  Tmut/Erth      0%         N/A       100%        4
 Sticky Flame             Conj/Fire      0%         2d3       100%        4
 Summon Ice Beast         Ice/Summ       0%         N/A       100%        4
 Fireball                 Conj/Fire      0%         3d3       100%        5
 Irradiate                Conj/Tmut      0%         3d13      100%        5
 Lee's Rapid Deconstruct  Erth           0%         3d5*      100%        5
 Manifold Assault         Tloc           0%         N/A       100%        5
 Starburst                Conj/Fire      0%         6d3       100%        6
 Ignition                 Fire           0%         3d3       100%        8
 Lehudib's Crystal Spear  Conj/Erth      0%         10d2      100%        8


Dungeon Overview and Level Annotations

Branches:
Dungeon (15/15)            Temple (1/1) D:5            Lair (6/6) D:8
  Swamp (4/4) Lair:4        Snake (4/4) Lair:4        Slime (0/5) Lair:5
    Orc (2/2) D:11            Elf (1/3) Orc:2        Vaults (1/5) D:13
 Depths (0/4) D:15         Bailey (visited)           IceCv (visited)

Altars:
Ashenzari
Cheibriados
Elyvilon
Fedhas
Gozag
Hepliaklqana
Kikubaaqudgha
Okawaru
Qazlal
Ru
Sif Muna
Uskayaw
Xom
Yredelemnul
Zin

Shops:
D:5 *(*[   D:13 :   D:15 *   Orc:1 *   Orc:2 *((??   Elf:1 *   Vaults:1 =

Portals:
Trove: D:14 (give +2 shadow dragon scales)

Annotations:
D:10 1 runed translucent door, IdlyInterested's ghost, journeyman GrFi
D:15 Roxanne
Abyss:1 Jorgrun; Kirke; Mlioglotl; Nergalle


Innate Abilities, Weirdness & Mutations

Your body sometimes deteriorates upon taking damage.
Your spells are a little easier to cast, but a little less powerful.


Message History

* * * LOW HITPOINT WARNING * * *
The deep elf blademaster hits you but does no damage.
A starcursed mass splits.
The ironbound thunderhulk hits your starcursed mass with a +0 dire flail!
Your starcursed mass shudders and is absorbed by its neighbour.
You feel better.
You block the deep elf blademaster's attack.
The deep elf blademaster hits you but does no damage.
The thorn hunter gestures.
The deep elf blademaster barely misses you.
You block the deep elf blademaster's attack.
The thorn hunter gestures.
A starcursed mass splits.
Your starcursed mass completely misses the deep elf blademaster.
The deep elf blademaster completely misses you.
The deep elf blademaster hits you with a +2 rapier of speed!
* * * LOW HITPOINT WARNING * * *
The ironbound thunderhulk hits your starcursed mass with a +0 dire flail!
Your starcursed mass shudders and is absorbed by its neighbour.
You feel better. You block the thorn hunter's attack. x2
The deep elf blademaster misses you.
The deep elf blademaster hits you with a +2 rapier of speed!
* * * LOW HITPOINT WARNING * * *
The deep elf blademaster hits you but does no damage.
You block the deep elf blademaster's attack.
Your starcursed mass closely misses the deep elf blademaster.
As you read the scroll of fear, it crumbles to dust.
You assume a fearsome visage.
The worldbinder is unaffected.
The thorn hunter is unaffected. x2
The deep elf blademaster looks frightened!
The ironbound thunderhulk looks frightened!
The thorn hunter gestures.
The thorn hunter fires a volley of thorns at you.
The volley of thorns hits your starcursed mass!!
Your starcursed mass is destroyed!
Your starcursed mass dissolves into shadows!
The thorn hunter fires a volley of thorns at you.
The volley of thorns hits you!!
You die...
Your body rises from the dead as a mindless zombie.

.
#..≈♣x
.≈).
.≈♣ ##
#
.♣##m#
.♣ .
.# . x
.#ee.#
## #.
e# #
.#.. ♣


#uf . † ..≈###§## # . ... #§Oe# . # . . #fxf# . #.. .# . #@§X# . . # . ##### .
#... . . . .# . ## .. # # You could see a deep elf blademaster (fleeing), 2
thorn hunters, an ironbound thunderhulk (summoned, fleeing, ally target), a
worldbinder and a friendly starcursed mass (summoned).

Vanquished Creatures
  Rupert (Lair:3)
  An Ice Fiend (IceCv)
  A quicksilver dragon (Snake:4)
  2 tengu reavers (Abyss:3)
  4 nagarajas
  2 vault wardens (Vaults:1)
  An ironbound preserver (Vaults:1)
  A war gargoyle (Vaults:1)
  Nessos (D:12)
  5 eleionomae
  Azrael (D:13)
  3 bunyips
  A dire elephant (Abyss:3)
  2 ettins (D:13)
  Snorg (Lair:4)
  A deep elf high priest (Elf:1)
  A shambling mangrove (Swamp:4)
  2 rakshasas
  6 naga warriors
  A vault guard (Vaults:1)
  An ironbound thunderhulk (Vaults:1)
  A centaur warrior (D:13)
  2 ice dragons (Swamp:4)
  10 hydras
  3 salamander tyrants (Snake:4)
  4 catoblepae
  An ironbound frostheart (Vaults:1)
  6 anacondas
  2 dancing weapons
  A ghost crab (Swamp:2)
  2 alligators
  4 two-headed ogres
  A satyr (Abyss:3)
  4 tengu warriors (D:15)
  14 death yaks
  12 naga sharpshooters
  5 shock serpents
  3 orc high priests (Orc:2)
  A spriggan berserker (D:13)
  2 skeletal warriors (D:12)
  3 salamander mystics
  A flayed ghost (Orc:2)
  2 naga ritualists (Snake:3)
  4 goliath frogs
  4 swamp dragons
  A glowing orange brain (shapeshifter) (Vaults:1)
  2 deep trolls (Vaults:1)
  2 wizards (Vaults:1)
  9 bog bodies
  A lindwurm (Lair:6)
  7 deep elf pyromancers
  An obsidian statue (IceCv)
  An ironbound convoker (Vaults:1)
  3 orc knights (Orc:2)
  7 deep elf zephyrmancers (Elf:1)
  8 mana vipers
  9 ugly things
  3 orc sorcerers (Orc:2)
  A cyclops (shapeshifter) (D:15)
  2 manticores
  7 salamanders
  A will-o-the-wisp (Swamp:2)
  A worldbinder (Abyss:3)
  A cyclops (D:15)
  5 elephants
  A water nymph (Abyss:3)
  6 guardian serpents
  23 black mambas
  8 cane toads
  17 naga magi
  Maggie (D:7)
  A torpor snail (Lair:6)
  A yaktaur (Vaults:1)
  A rime drake (Lair:6)
  3 ice devils (IceCv)
  10 freezing wraiths
  3 entropy weaver simulacra (IceCv)
  7 komodo dragons
  11 tyrant leeches
  2 bloated husks (Swamp:1)
  A troll (D:8)
  8 hornets
  8 dream sheep (Lair:6)
  19 blink frogs
  9 slime creatures
  A centaur simulacrum (D:14)
  4 wraiths
  2 water elementals (Abyss:3)
  A spriggan simulacrum (IceCv)
  7 spriggans
  5 wyverns
  6 hogs (Snake:1)
  A vampire (Swamp:1)
  2 fire elementals (D:13)
  17 vampire mosquitoes
  3 basilisks
  4 swamp worm simulacra (Swamp:4)
  32 yaks
  A minotaur simulacrum (IceCv)
  4 harpy simulacra (IceCv)
  A warg (Orc:1)
  38 nagas
  14 swamp worms
  Duvessa (D:6)
  12 hydra simulacra
  A hell hound (D:13)
  12 water moccasins
  3 swamp drakes (Swamp:1)
  15 orc warriors
  A black bear (Lair:6)
  A sky beast (D:6)
  3 ogres
  2 necrophages
  16 wolves
  5 centaurs
  A lemure (D:7)
  2 kobold brigands
  7 bullfrogs
  2 deep troll simulacra (IceCv)
  A scorpion (D:7)
  A water moccasin skeleton (D:5)
  A lindwurm simulacrum (IceCv)
  3 killer bees (D:9)
  7 wights (D:8)
  A howler monkey (D:6)
  An electric eel (Lair:4)
  10 orc priests
  11 jellies
  2 centaur zombies
  3 hounds
  A bullfrog skeleton (D:6)
  3 iguanas
  10 orc wizards
  2 howler monkey zombies (D:9)
  10 gnolls
  12 adders
  2 white imps
  An ufetubus (D:6)
  3 swamp drake simulacra (Swamp:4)
  4 dart slugs
  62 orcs
  4 ball pythons
  12 endoplasms
  2 giant cockroaches
  16 goblins
  6 hobgoblins
  2 jackals (D:4)
  9 quokkas
  5 bats
  2 frilled lizards
  26 kobolds
  7 rats
  A spectral orc (D:11)
813 creatures vanquished.

Vanquished Creatures (collateral kills)
  A deep elf blademaster (Abyss:3)
  2 nagarajas (Snake:4)
  Aizul (Swamp:3)
  2 eleionomae
  A shambling mangrove (Swamp:3)
  A naga warrior (Snake:4)
  A boulder beetle (Orc:2)
  2 hydras (Lair:1)
  A peacekeeper (Vaults:1)
  An anaconda (Snake:1)
  An ice dragon (Swamp:4)
  2 centaur warriors
  A death knight (D:12)
  2 death yaks (Lair:6)
  A tengu warrior (D:13)
  A shock serpent (Snake:4)
  3 naga sharpshooters (Snake:4)
  A skeletal warrior (D:12)
  A goliath frog (Swamp:2)
  Pikel (D:7)
  An orc knight (Orc:2)
  A cyclops (D:11)
  2 manticores
  2 salamanders (Snake:4)
  A naga mage (Snake:4)
  5 black mambas (Snake:4)
  2 elephants (Lair:6)
  2 cane toads (Lair:1)
  A komodo dragon (D:12)
  A tengu conjurer (D:13)
  A troll (D:13)
  A tyrant leech (Swamp:4)
  3 blink frogs
  6 slime creatures
  A spriggan (Swamp:3)
  A yak (D:9)
  A fire elemental (D:13)
  A basilisk (D:12)
  A swamp worm simulacrum (Swamp:4)
  5 nagas
  3 hydra simulacra (Swamp:4)
  A hell hound (D:13)
  5 orc warriors
  3 wolves
  A bullfrog (D:8)
  Dowan (D:6)
  2 orc priests
  An orc wizard (Orc:1)
  A gnoll (Orc:2)
  8 orcs
  6 endoplasms (Lair:2)
  A goblin (D:13)
  2 hobgoblins (Bailey)
  8 kobolds
  A ball python (D:3)
110 creatures vanquished.

Vanquished Creatures (others)
  A bone dragon (Snake:4)
  An ironbound preserver (Vaults:1)
  A ghoul (Vaults:1)
  A ghost crab (Swamp:4)
  A two-headed ogre (D:9)
  A skeletal warrior (D:14)
  2 flayed ghosts
  3 phantasmal warriors
  An orc sorcerer (Orc:2)
  A tyrant leech (Swamp:2)
  A slime creature (Vaults:1)
  3 flying skulls (Lair:5)
  4 wraiths
  4 vampires
  A swamp worm (Swamp:4)
  A water moccasin (D:5)
  A lemure (D:7)
  2 wights (Lair:1)
  An orc wizard (D:5)
  2 gnolls (D:5)
  A hobgoblin (D:4)
  8 foxfires (Swamp:2)
  70 fungi
  66 plants
178 creatures vanquished.

Grand Total: 1101 creatures vanquished

Notes
Turn   | Place    | Note
-------+----------+-------------------------------------------
     0 | D:1      | tnor the Human Artificer began the quest for the Orb.
     0 | D:1      | Reached XP level 1. HP: 15/15 MP: 1/1
   170 | D:1      | Reached XP level 2. HP: 10/21 MP: 2/2
   753 | D:1      | Found a faded altar of an unknown god.
   949 | D:1      | Reached XP level 3. HP: 10/26 MP: 3/3
  1990 | D:2      | Found an opulent altar of Gozag.
  2004 | D:2      | Reached XP level 4. HP: 31/33 MP: 4/4
  2194 | D:2      | Reached skill level 1 in Short Blades
  3340 | D:3      | Reached XP level 5. HP: 29/38 MP: 5/5
  3640 | D:4      | Found a hide-covered altar of Uskayaw.
  3691 | D:4      | You fall into a shaft and drop 2 floors!
  3914 | D:5      | Entered Level 5 of the Dungeon
  4137 | D:5      | Reached XP level 6. HP: 44/44 MP: 6/6
  4152 | D:5      | Noticed a water moccasin
  4155 | D:5      | Killed a water moccasin
  4168 | D:5      | Found Heych's General Store.
  4604 | D:5      | Noticed a necrophage
  4620 | D:5      | Killed a necrophage
  4621 | D:5      | Reached skill level 5 in Short Blades
  4621 | D:5      | Reached XP level 7. HP: 39/50 MP: 7/7
  5039 | D:5      | Found Hehimm's Assorted Antiques.
  5039 | D:5      | Found Lujuk's Antique Weapon Shoppe.
  5041 | D:5      | Noticed a water moccasin
  5438 | D:5      | Found Voungela's Antique Armour Shop.
  5463 | D:5      | Found a staircase to the Ecumenical Temple.
  5465 | D:5      | Bought a runed short sword for 132 gold pieces
  5472 | Temple   | Entered the Ecumenical Temple
  5646 | Temple   | Became a worshipper of Yredelemnul the Dark
  6074 | D:6      | Reached XP level 8. HP: 56/56 MP: 8/8
  6258 | D:6      | Noticed Duvessa
  6262 | D:6      | Noticed Dowan
  6267 | D:6      | Killed Dowan
  6309 | D:6      | Killed Duvessa
  6794 | D:7      | Identified the +4 chain mail "Vanweown" {+Inv Str+5 Stlth+}
  7116 | D:7      | Reached XP level 9. HP: 42/61 MP: 9/9
  7119 | D:7      | Reached skill level 5 in Evocations
  7123 | D:7      | Reached * piety under Yredelemnul
  7297 | D:7      | Noticed Maggie
  7375 | D:7      | Noticed Pikel
  7399 | D:7      | Killed Pikel
  7441 | D:7      | Killed Maggie
  7442 | D:7      | Reached skill level 10 in Short Blades
  7987 | D:8      | Reached skill level 1 in Shields
  8084 | D:8      | Noticed a troll
  8109 | D:8      | Killed a troll
  8269 | D:8      | Noticed a two-headed ogre
  9211 | D:9      | Noticed a two-headed ogre
  9254 | D:9      | Reached XP level 10. HP: 59/67 MP: 10/10
  9391 | D:9      | Noticed a two-headed ogre
  9395 | D:9      | Killed a two-headed ogre
  9464 | D:9      | Identified the +1 scale mail of Lifelessness {rC+ Will+}
  9789 | D:10     | Entered Level 10 of the Dungeon
 10218 | D:10     | Noticed a two-headed ogre
 10231 | D:10     | Killed a two-headed ogre
 10232 | D:10     | Reached skill level 5 in Dodging
 10474 | D:10     | Found a runed translucent door.
 10478 | D:10     | Noticed IdlyInterested's ghost (journeyman GrFi)
 10519 | D:10     | Reached ** piety under Yredelemnul
 10520 | D:10     | Reached XP level 11. HP: 65/72 MP: 11/11
 10556 | D:10     | Found a shimmering blue altar of Sif Muna.
 10696 | D:11     | Noticed a boulder beetle
 10706 | D:11     | Banished a boulder beetle
 10895 | D:11     | Noticed a cyclops
 10901 | D:11     | Noticed a two-headed ogre
 10918 | D:11     | Reached skill level 5 in Armour
 10924 | D:11     | Killed a cyclops
 11187 | D:11     | Killed a two-headed ogre
 11311 | D:11     | Found a staircase to the Orcish Mines.
 11554 | D:11     | Found a basalt altar of Yredelemnul.
 11707 | D:11     | Reached *** piety under Yredelemnul
 11922 | D:11     | Noticed a brown ugly thing
 12227 | D:12     | Noticed a skeletal warrior
 12283 | D:12     | Killed a skeletal warrior
 12336 | D:12     | Noticed a death knight
 12336 | D:12     | Noticed a skeletal warrior
 12336 | D:12     | Noticed a phantasmal warrior
 12337 | D:12     | Noticed a skeletal warrior
 12347 | D:12     | Banished a phantasmal warrior
 12376 | D:12     | Noticed Nessos
 12387 | D:12     | Killed a skeletal warrior
 12388 | D:12     | Reached XP level 12. HP: 83/83 MP: 12/12
 12391 | D:12     | Killed a death knight
 12392 | D:12     | Reached skill level 5 in Fighting
 12415 | D:12     | Noticed a two-headed ogre
 13054 | D:8      | Banished a two-headed ogre
 13489 | D:8      | Found a staircase to the Lair.
 13725 | Lair:1   | Entered Level 1 of the Lair of Beasts
 13885 | Lair:1   | You fall into a shaft and drop 1 floor!
 14506 | Lair:2   | Received a gift from Yredelemnul (a wight)
 14509 | Lair:2   | Reached **** piety under Yredelemnul
 14743 | Lair:2   | Reached skill level 10 in Fighting
 15210 | Lair:2   | Noticed a four-headed hydra
 15229 | Lair:2   | Banished a four-headed hydra
 15230 | Lair:2   | Reached XP level 13. HP: 85/103 MP: 13/13
 15237 | Lair:2   | Received a gift from Yredelemnul (a wight)
 15377 | Lair:1   | Noticed an eight-headed hydra
 15385 | Lair:1   | Killed an eight-headed hydra
 15568 | Lair:1   | Noticed a six-headed hydra
 15576 | Lair:1   | Killed a seven-headed hydra
 15987 | Lair:1   | Reached skill level 10 in Armour
 15987 | Lair:1   | Reached skill level 10 in Dodging
 15987 | Lair:1   | Reached skill level 1 in Throwing
 16231 | Lair:1   | Noticed a five-headed hydra
 16244 | Lair:1   | Banished a five-headed hydra
 16585 | Lair:3   | Noticed an eight-headed hydra
 16604 | Lair:3   | Killed an eight-headed hydra
 16787 | Lair:3   | Reached skill level 5 in Throwing
 17129 | Lair:3   | Noticed Rupert
 17138 | Lair:3   | Paralysed by Rupert for 2 turns
 17157 | Lair:3   | Killed Rupert
 17489 | Lair:3   | Identified a scroll of acquirement
 17489 | Lair:3   | Acquired 1169 gold pieces
 18103 | Lair:3   | Reached XP level 14. HP: 83/110 MP: 14/14
 18525 | Lair:4   | Noticed Snorg
 19062 | Lair:4   | Received a gift from Yredelemnul (a wraith)
 19075 | Lair:4   | Found a staircase to the Swamp.
 19487 | Lair:4   | Reached skill level 1 in Invocations
 19746 | Lair:4   | Identified the +1 ring mail "Entacash" {Str+2 Int+2}
 20266 | Lair:4   | Killed Snorg
 20416 | Lair:4   | Found a staircase to the Snake Pit.
 20574 | Lair:4   | Noticed Nergalle
 20587 | Lair:4   | Banished Nergalle
 20995 | Lair:5   | Found a staircase to the Slime Pits.
 21237 | Lair:5   | Received a gift from Yredelemnul (3 flying skulls)
 21249 | Lair:5   | Reached skill level 5 in Invocations
 22055 | Lair:6   | Entered Level 6 of the Lair of Beasts
 22319 | Lair:6   | Received a gift from Yredelemnul (a wraith)
 22724 | Lair:5   | Reached XP level 15. HP: 102/120 MP: 20/20
 23849 | Lair:6   | Reached skill level 10 in Evocations
 23992 | Lair:6   | Received a gift from Yredelemnul (a vampire)
 25265 | D:8      | Upgraded the game from 0.28-a0-1002-gf00fe891ef to
                  | 0.28-a0-1033-g1a2f33fa85
 25519 | D:12     | Killed Nessos
 25957 | D:13     | Found a gate to the Vaults.
 26122 | D:13     | Found a flagged portal.
 26134 | Bailey   | Entered a bailey
 26155 | Bailey   | Received a gift from Yredelemnul (a phantasmal warrior)
 26254 | Bailey   | Received a gift from Yredelemnul (a vampire)
 26714 | D:13     | Noticed Azrael
 26740 | D:13     | Killed Azrael
 26740 | D:13     | Received a gift from Yredelemnul (a skeletal warrior)
 26741 | D:13     | Reached XP level 16. HP: 119/127 MP: 21/21
 27030 | D:13     | Found the +7 pair of quick blades "Gyre" and "Gimble"
                  | {protect}
 27106 | D:13     | Found Ynaywkem's Book Shoppe.
 27485 | D:14     | Identified the +1 leather armour "Nammemp" {rPois}
 27538 | D:14     | Found a portal to a secret trove of treasure.
 27654 | D:14     | Found a frozen archway.
 27859 | IceCv    | Entered an ice cave
 28785 | IceCv    | Noticed an Ice Fiend
 28785 | IceCv    | Noticed an Ice Fiend
 28800 | IceCv    | Killed an Ice Fiend
 28801 | IceCv    | Banished an Ice Fiend
 28835 | IceCv    | Received a gift from Yredelemnul (a wraith)
 29685 | D:14     | Identified the +2 ring mail of Truth {*Slow +Inv Will-
                  | MP+9}
 29719 | D:15     | Entered Level 15 of the Dungeon
 29757 | D:15     | Found Herchauma's Assorted Antiques.
 29766 | D:15     | Bought a scroll of enchant weapon for 217 gold pieces
 29766 | D:15     | Bought a scroll labelled ZOIMIRIONI for 29 gold pieces
 29766 | D:15     | Bought a scroll of immolation for 101 gold pieces
 29766 | D:15     | Bought a scroll of teleportation for 87 gold pieces
 29766 | D:15     | Bought a wand of paralysis (5) for 58 gold pieces
 30573 | D:15     | Found a staircase to the Depths.
 30724 | D:15     | Reached ***** piety under Yredelemnul
 31335 | D:15     | Received a gift from Yredelemnul (a flayed ghost)
 31511 | D:15     | Found a white marble altar of Elyvilon.
 31588 | D:15     | Identified Roxanne's Compendium of Clay
 31588 | D:15     | Noticed Roxanne
 31859 | Orc:1    | Entered Level 1 of the Orcish Mines
 32103 | Orc:1    | Received a gift from Yredelemnul (a wraith)
 32414 | Orc:1    | Found Deproism's Desiderata Depot.
 32699 | Orc:2    | Entered Level 2 of the Orcish Mines
 33302 | Orc:2    | Found Boes's Magic Scroll Boutique.
 33496 | Orc:2    | Found Hen Zasy's General Store.
 33511 | Orc:2    | Found a staircase to the Elven Halls.
 33598 | Orc:2    | Bought a scroll of fog for 30 gold pieces
 33598 | Orc:2    | Bought a scroll of teleportation for 45 gold pieces
 33598 | Orc:2    | Bought a scroll of magic mapping for 52 gold pieces
 33598 | Orc:2    | Bought a wand of flame (6) for 60 gold pieces
 33749 | Orc:2    | Reached XP level 17. HP: 106/131 MP: 23/23
 34086 | Orc:2    | Found Gosocvuw's Antique Weapon Boutique.
 34089 | Orc:2    | Found Vamo's Magic Scroll Emporium.
 34089 | Orc:2    | Found Seakeeb's Weapon Emporium.
 34132 | Orc:2    | Bought a scroll of enchant armour for 75 gold pieces
 34132 | Orc:2    | Bought a scroll of summoning for 95 gold pieces
 34140 | Orc:2    | Bought a scroll of immolation for 56 gold pieces
 34140 | Orc:2    | Bought a scroll of teleportation for 48 gold pieces
 34140 | Orc:2    | Bought a scroll of teleportation for 48 gold pieces
 34140 | Orc:2    | Bought a scroll of enchant weapon for 120 gold pieces
 34140 | Orc:2    | Bought a scroll of fear for 56 gold pieces
 34501 | Snake:1  | Entered Level 1 of the Snake Pit
 35099 | Snake:1  | Noticed Mlioglotl
 35120 | Snake:1  | Banished Mlioglotl
 35741 | Snake:1  | Noticed Kirke
 35755 | Snake:1  | Banished Kirke
 36469 | Snake:2  | Found a broken altar of Ashenzari.
 36551 | Snake:2  | Reached skill level 10 in Invocations
 37125 | Snake:2  | Received a gift from Yredelemnul (a phantasmal warrior)
 38567 | Snake:3  | Reached skill level 10 in Throwing
 39385 | Snake:3  | Reached XP level 18. HP: 93/140 MP: 26/26
 40089 | Snake:3  | Received a gift from Yredelemnul (a vampire)
 40877 | Swamp:1  | Entered Level 1 of the Swamp
 42208 | Swamp:2  | Reached ****** piety under Yredelemnul
 42432 | Swamp:2  | HP: 4/140 [tyrant leech (21)]
 42482 | Swamp:2  | Noticed Jorgrun
 42495 | Swamp:2  | Banished Jorgrun
 42722 | Swamp:2  | Received a gift from Yredelemnul (a wraith)
 43575 | Swamp:3  | Received a gift from Yredelemnul (a flayed ghost)
 43650 | Swamp:3  | Identified the +0 plate armour of Kleptomania {rElec}
 44005 | Swamp:3  | Noticed Aizul
 44013 | Swamp:3  | Killed Aizul
 44271 | Swamp:4  | Entered Level 4 of the Swamp
 45477 | Swamp:4  | Received a gift from Yredelemnul (a phantasmal warrior)
 45961 | Swamp:4  | Reached XP level 19. HP: 134/147 MP: 28/28
 46224 | Swamp:4  | Received a gift from Yredelemnul (a bone dragon)
 46256 | Swamp:4  | Got a decaying rune of Zot
 46613 | Snake:4  | Entered Level 4 of the Snake Pit
 47130 | Snake:4  | Received a gift from Yredelemnul (a vampire)
 48414 | Snake:4  | Received a gift from Yredelemnul (a flayed ghost)
 48759 | Snake:4  | Reached skill level 5 in Shields
 49086 | Snake:4  | Received a gift from Yredelemnul (a vampire)
 49617 | Snake:4  | Got a serpentine rune of Zot
 50626 | Vaults:1 | Entered Level 1 of the Vaults
 50900 | Vaults:1 | Found Ziatti's Jewellery Shoppe.
 51108 | Vaults:1 | Received a gift from Yredelemnul (a ghoul)
 52041 | Elf:1    | Entered Level 1 of the Elven Halls
 52344 | Elf:1    | Found Ecikhlal's General Store.
 52713 | Elf:1    | Reached XP level 20. HP: 146/147 MP: 27/29
 52718 | Elf:1    | Received a gift from Yredelemnul (a vampire)
 52726 | Elf:1    | Cast into level 3 of the Abyss (a deep elf sorcerer)
 52737 | Abyss:3  | Gained mutation: Your body sometimes deteriorates upon
                  | taking damage. [mutagenic glow]
 52751 | Abyss:3  | Gained mutation: Your spells are a little easier to cast,
                  | but a little less powerful. [mutagenic glow]
 52849 | Abyss:3  | Got an abyssal rune of Zot
 52858 | Abyss:3  | Killed from afar by a thorn hunter

Illustrated notes

Levels and vault maps discovered:
D:1:      minmay_arrival_checkered_box, layout_basic,
          shapermc_ecumenical_altar_hornbeckon
D:2:      layout_basic, basic_altar
D:3:      layout_basic, chequers_serial_rivers_small_b,
          minmay_misc_feat_ornament
D:4:      layout_gridville, mainiacjoe_overflow_surrounded_room, st_stairs_4,
          kennysheep_generic_room_12
D:5:      layout_rooms, minmay_temple_entry_junction, serial_shops, shop, shop,
          nicolae_shop_behind_doors, kennysheep_mini
D:6:      layout_basic, uniq_duvessa
D:7:      layout_basic, uniq_maggie, uniq_pikel
D:8:      layout_layer_cave, lair_entry_dummy
D:9:      layout_irregular_city, feat_on_display
D:10:     layout_loops_ring, lemuel_coloured_pillars_altar,
          ebering_ghost_reflecting_pool, evilmike_minifort, uniq_maurice
D:11:     layout_long_grid, hiddenorc2_lemuel,
          yredelemnul_forgotten_temple_becter
D:12:     layout_big_octagon, amcnicky_mini_pool_small, chequers_arboretum,
          uniq_nessos
D:13:     layout_basic, erik_vaults_1, enter_bailey_5, serial_shops,
          kennysheep_little_box, hellmonk_guarded_unrand_gyre_and_gimble,
          uniq_azrael
D:14:     layout_cave_pools, nicolae_trove_entry_columns,
          portal_ice_cave_entry_pillars_2
D:15:     gammafunk_enter_depths_forms, layout_gridville, serial_shops,
          nicolae_shop_overgrown_old_shop, nicolae_elyvilon_peaceful_grove,
          minmay_misc_feat_cross, lemuel_flamethrower_3, uniq_roxanne
Temple:   mainiacjoe_temple_big_plus
Lair:1:   layout_chaotic_city, chequers_serial_rivers_small_a,
          serial_bayou_pond_e, cheibrodos_lair_reptile_den, grunt_megastairs_3
Lair:2:   lemuel_slime, layout_cave_pods, lemuel_fruit_tree
Lair:3:   layout_regular_city, bh_autumn_forest_stairs, uniq_rupert
Lair:4:   wander_river, layout_loops_ring, nicolae_swamp_entry_splash_gauntlet,
          minmay_snake_entry_guardpost_medium, uniq_nergalle, uniq_snorg
Lair:5:   nzn_motion_control, layout_loops_ring, nicolae_slime_entry_slimehenge
Lair:6:   grunt_lair_end_beastmaster, layout_cave_pods, grunt_megastairs_1
Swamp:1:  layout_falls_marsh, evilmike_swamp_ruin_house_4, swamp_pool5
Swamp:2:  layout_basic_swamp, hangedman_swamp_ruin_wall, uniq_jorgrun
Swamp:3:  layout_basic_swamp, nicolae_swamp_fairy_circle, uniq_aizul
Swamp:4:  swamp_icy, layout_basic_swamp, swamp_pool1
Snake:1:  layout_gridlike, uniq_mlioglotl, uniq_kirke
Snake:2:  layout_gridlike, basic_altar, serial_bayou_shore_b, grunt_megastairs_2
Snake:3:  layout_onion
Snake:4:  hellmonk_snake_rune_quicksilver_temple, layout_layer_cave,
          nicolae_snake_gridmaze_squiggle, grunt_ministairs_6, st_stairs_11,
          nicolae_snake_slithery_hallway, chequers_hall_statues_wall_a
Orc:1:    layout_caves, nicolae_alphabet_shops, nicolae_orc_tapped_out
Orc:2:    st_orc_elflike, layout_caves, serial_shops, shop, rock_pile
Elf:1:    eino_elf_arrival_customs, layout_rooms, serial_shops, shop_fountains,
          minmay_elf_sorcery, minmay_misc_feat_rows, corexii_leaking_fountain,
          uniq_louise
Vaults:1: hangedman_vaults_unwind, nicolae_vaults_puzzle_piece, v_rooms_2,
          v_misc_9, hangedman_vaults_corner, v_misc_32, vaults_dpeg_ring,
          nicolae_vaults_little_squares_5, ontoclasm_vaults_ring_small,
          v_misc_15, layout_vaults_maze_bifur, serial_shops,
          nicolae_square_shop, uniq_nikola
Abyss:3:  base: Depths:4, grunt_abyss_rune_forest_and_sorcery

Skill      XL: |  1  2  3  4  5  6  7  8  9 10 11 12 13 14 15 16 17 18 19 |
---------------+----------------------------------------------------------+-----
Stealth        | 2 3 |  3.0
Fighting       | 2 4 10 12 14 | 14.0
Short Blades   | 1 3 5 7 9 10 12 | 12.0
Evocations     | 4 6 7 13 14 | 14.0
Shields        | 3 4 9 |  9.9
Dodging        | 6 8 10 12 13 14 | 14.0
Armour         | 8 10 12 13 | 13.0
Throwing       | 7 8 10 12 13 | 13.0
Invocations    | 7 8 11 12 | 12.0

Action                   |  1- 3 |  4- 6 |  7- 9 | 10-12 | 13-15 | 16-18 | 19-21 || total
-------------------------+-------+-------+-------+-------+-------+-------+-------++-------
Melee: Club              |    39 |       |       |       |       |       |       ||    39
       Short sword       |    91 |   151 |   266 |   589 |   998 |  1385 |   484 ||  3964
Throw: Dart              |       |     5 |    23 |    22 |   144 |   118 |       ||   312
       Boomerang         |       |       |       |       |       |   691 |   163 ||   854
Invok: Injury Mirror     |       |       |       |       |     1 |       |       ||     1
       Drain Life        |       |       |       |       |     1 |     3 |    11 ||    15
       Recall Undead Sla |       |       |       |       |     1 |       |       ||     1
 Abil: Evoke Invisibilit |       |       |       |       |       |       |     3 ||     3
Evoke: Wand              |    13 |    15 |    27 |    10 |    27 |    23 |     3 ||   118
       Piece from Xom's  |       |       |    15 |    11 |     1 |     1 |       ||    28
       Lightning rod     |       |       |       |       |     4 |     4 |     9 ||    17
       Condenser vane    |       |       |       |       |     2 |     4 |     5 ||    11
       Tin of tremorston |       |       |       |       |       |     9 |     5 ||    14
       Phantom mirror    |       |       |       |       |       |       |     2 ||     2
  Use: Scroll            |     2 |       |     8 |     6 |     9 |    15 |    10 ||    50
       Potion            |       |     6 |     5 |     2 |     4 |     5 |    12 ||    34
 Stab: Sleeping          |       |     1 |       |       |       |       |       ||     1
       Petrified         |       |       |     2 |       |     5 |       |       ||     7
       Confused          |       |       |     1 |       |       |       |       ||     1
       Paralysed         |       |       |       |       |     4 |     8 |       ||    12
       Distracted        |       |       |       |       |     3 |     3 |     2 ||     8
       Invisible         |       |       |       |       |       |       |     7 ||     7
Armor: Leather armour    |     8 |       |       |       |       |       |       ||     8
       Ring mail         |    73 |    60 |    11 |       |       |       |       ||   144
       Scale mail        |       |       |    46 |       |       |    11 |    15 ||    72
       Chain mail        |       |       |    54 |   135 |   238 |   499 |   107 ||  1033
       Skin              |       |       |       |       |       |     8 |       ||     8
       Quicksilver drago |       |       |       |       |       |       |    25 ||    25
Dodge: Dodged            |    90 |    80 |    93 |   147 |   273 |   503 |   208 ||  1394
Block: Buckler           |       |       |    18 |   181 |   262 |   521 |   206 ||  1188
       Reflection        |       |       |       |     8 |    15 |    40 |    18 ||    81

Table legend: (Time is in decaauts)
 A = Elapsed time spent in this place.
 B = Non-inter-level travel time spent in this place.
 C = Inter-level travel time spent in this place.
 D = Time resting spent in this place.
 E = Time spent auto-exploring this place.
 F = Levels seen in this place.
 G = Mean time per level.
                   A        B        C        D        E       F      G
               +--------+--------+--------+--------+--------+-----+--------+
         Total |  51134 |  48820 |   2314 |   5460 |  35208 |  37 | 1382.0 |
       Dungeon |  18680 |  17803 |    877 |   2309 |  12193 |  15 | 1245.3 |
        Temple |    196 |    174 |     22 |      0 |    169 |   1 |  196.0 |
          Lair |  11422 |  10681 |    741 |    374 |   8858 |   6 | 1903.7 |
         Swamp |   5492 |   5364 |    128 |   1318 |   3208 |   4 | 1373.0 |
     Snake Pit |   9787 |   9480 |    307 |   1025 |   7247 |   4 | 2446.8 |
  Orcish Mines |   2417 |   2182 |    235 |      0 |   1766 |   2 | 1208.5 |
   Elven Halls |    646 |    646 |      0 |    219 |    303 |   1 |  646.0 |
        Vaults |    885 |    885 |      0 |     10 |    663 |   1 |  885.0 |
         Abyss |     91 |     91 |      0 |      5 |      0 |   1 |   91.0 |
        Bailey |    283 |    283 |      0 |      0 |    116 |   1 |  283.0 |
      Ice Cave |   1232 |   1232 |      0 |    198 |    682 |   1 | 1232.0 |
               +--------+--------+--------+--------+--------+-----+--------+

Top non-repeatable levels by time:
 Snake:4: 3330 daAuts
 Snake:3: 2859 daAuts
  Lair:6: 2416 daAuts
  Lair:4: 2252 daAuts
 Swamp:4: 2100 daAuts
 Snake:2: 1983 daAuts
  Lair:3: 1838 daAuts
  Lair:5: 1825 daAuts
    D:15: 1819 daAuts
  Lair:2: 1812 daAuts
     D:8: 1638 daAuts
 Snake:1: 1613 daAuts
    D:11: 1460 daAuts
   Orc:2: 1446 daAuts
     D:1: 1431 daAuts
